 Dungeon Crawl Stone Soup version 0.28-a0-472-g50180c0d78 (webtiles) character file.

Game seed: 14897154750580917524

17 Dabor the Grave Robber (level 2, 0/13 HPs)
             Began as a Vine Stalker Necromancer on Sept 15, 2021.
             Slain by a ball python (1 damage)
             ... on level 1 of the Dungeon.
             The game lasted 00:02:20 (593 turns).

Dabor the Grave Robber (Vine Stalker Necromancer)    Turns: 593, Time: 00:02:20

Health: 0/13       AC:  2    Str: 10    XL:     2   Next: 62%
Magic:  0/6        EV:  9    Int: 15    God:
Gold:   19         SH:  0    Dex: 14    Spells: 3/5 levels left

rFire   . . .      SeeInvis .   c - +2 dagger (venom)
rCold   . . .      Faith    .   (no shield)
rNeg    . . .      Spirit   +   a - +0 robe
rPois   .          Reflect  .   (no helmet)
rElec   .          Harm     .   (no cloak)
rCorr   .          Rampage  .   (no gloves)
Will    .....                   (no boots)
Stlth   ++........              (no amulet)
HPRegen 0.04/turn               (no ring)
MPRegen 0.10/turn               (no ring)

@: constricted
A: fangs 2, magic shield, antimagic bite, no potion heal 2
a: no special abilities


You were on level 1 of the Dungeon.
You visited 1 branch of the dungeon, and saw 1 of its levels.

You collected 19 gold pieces.

Inventory:

Hand Weapons
 c - a +2 dagger of venom (weapon)
Armour
 a - a +0 robe (worn)
Potions
 b - 2 potions of curing
 d - a potion of heal wounds
 e - a potion of lignification {unknown}


   Skills:
 + Level 1.9 Dodging
 + Level 2.9 Stealth
 + Level 2.4 Spellcasting
 + Level 4.1 Necromancy


You had 3 spell levels left.
You knew the following spells:

 Your Spells              Type           Power      Damage    Failure   Level
a - Pain                  Necr           56%        1d6       3%          1
b - Animate Skeleton      Necr           28%        N/A       3%          1

Your spell library contained the following spells:

 Spells                   Type           Power      Damage    Failure   Level
 Vampiric Draining        Necr           7%         2d7       12%         3
 Tukima's Dance           Hex            1%         N/A       54%         3
 Animate Dead             Necr           7%         N/A       36%         4
 Agony                    Necr           14%        N/A       71%         5
 Passage of Golubria      Tloc           N/A        N/A       91%         4
 Yara's Violent Unravell  Hex/Tmut       0%         3d3       99%         5


Dungeon Overview and Level Annotations

Branches:
Dungeon (1/15)

Altars:


Innate Abilities, Weirdness & Mutations

You have extremely sharp teeth.
When hurt, damage is shared between your health and your magic reserves.
Your bite disrupts and absorbs the magic of your enemies.
Potions cannot restore your health.


Message History

A hobgoblin and a kobold come into view.
The hobgoblin shouts!
The endoplasm quivers.
You hear an angry hiss.
The kobold throws a stone.
The stone misses you.
A kobold comes into view. It is wielding a +0 short sword.
A ball python comes into view.
The hobgoblin hits you.
The kobold throws a stone.
The stone completely misses you.
The hobgoblin writhes in agony.
You kill the hobgoblin!
The endoplasm writhes in agony.
The endoplasm hits you but does no damage.
You miscast Pain.
You are very lightly contaminated with residual magic.
Nothing appears to happen.
The endoplasm freezes you.
You are frozen.
The endoplasm writhes in agony.
The ball python closely misses you. The ball python grabs you.
The ball python constricts you. The endoplasm freezes you.
You are frozen.
You escape the ball python's grasp.
The ball python barely misses you. The ball python grabs you.
The ball python constricts you.
You escape the ball python's grasp.
Your magical contamination has completely faded away.
The ball python barely misses you. The ball python grabs you.
The ball python constricts you.
You completely miss the ball python.
You bite the ball python, but do no damage.
The ball python bites you.
* * * LOW HITPOINT WARNING * * *
The ball python constricts you.
You aren't carrying any scrolls.
It was a potion of curing.
That felt strangely inert.
The ball python bites you. The ball python constricts you.
* * * LOW HITPOINT WARNING * * *
You closely miss the ball python. The ball python bites you.
You die...

#.........##########.##
#.........# #....... #.........#
#....... #.........# #..#####
#.........######..#.... # #######
#..........##.....#....
..#.....###...........#.##..#....
.........##.........#...##..#....
..........######@#####.###..#...<
..........######S# #..##.......
...............KJ######.##..#....
.................#.[. .##..#....
.................#.####.##..###.#
.......>................##... ...
..#......###............# ... #
###...................# ####
#..................


You could see an endoplasm, a ball python and a kobold.

Vanquished Creatures
  A dart slug (D:1)
  2 ball pythons (D:1)
  2 giant cockroaches (D:1)
  A goblin (D:1)
  A hobgoblin (D:1)
  4 jackals (D:1)
  A bat (D:1)
  A rat (D:1)
13 creatures vanquished.

Notes
Turn   | Place    | Note
-------+----------+-------------------------------------------
     0 | D:1      | Dabor the Vine Stalker Necromancer began the quest for the
                  | Orb.
     0 | D:1      | Reached XP level 1. HP: 9/9 MP: 4/4
     4 | D:1      | Learned a level 1 spell: Animate Skeleton
   333 | D:1      | Reached XP level 2. HP: 11/13 MP: 3/6
   593 | D:1      | Slain by a ball python

Illustrated notes

Levels and vault maps discovered:
D:1:      lemuel_arrival_room, layout_rooms, lemuel_old_faithful

Action                   || total
-------------------------++-------
Melee: Unarmed           ||     5
       Bite              ||     8
       Dagger            ||    25
 Cast: Pain              ||    11
       Animate Skeleton  ||     2
  Use: Scroll            ||     1
       Potion            ||     1
 Stab: Distracted        ||     1
       Sleeping          ||     1
Armor: Robe              ||     5
Dodge: Dodged            ||    23

Table legend: (Time is in decaauts)
 A = Elapsed time spent in this place.
 B = Non-inter-level travel time spent in this place.
 C = Inter-level travel time spent in this place.
 D = Time resting spent in this place.
 E = Time spent auto-exploring this place.
 F = Levels seen in this place.
 G = Mean time per level.
                   A        B        C        D        E       F      G
               +--------+--------+--------+--------+--------+-----+--------+
         Total |    592 |    592 |      0 |    375 |     25 |   1 |  592.0 |
       Dungeon |    592 |    592 |      0 |    375 |     25 |   1 |  592.0 |
               +--------+--------+--------+--------+--------+-----+--------+

Top non-repeatable levels by time:
     D:1: 592 daAuts
